ITL
RICHMOND FLAIRS @ HAVANA ROLLERS
06/25/2028
 
TOP OF THE 1ST
Richmond Flairs batting - Pitching for Havana Rollers : RHP Jason Drake
Pitching: RHP Jason Drake
Batting: RHB Javier Rentería 0-0: Ball
1-0: Ball
2-0: Called Strike
2-1: Swinging Strike
2-2: Foul Ball, location: 2F
2-2: Strikes out looking
Batting: RHB Mario López 0-0: Called Strike
0-1: Swinging Strike
0-2: SINGLE (Line Drive, 6MD)
Batting: LHB Sean Nicks 0-0: Called Strike
0-1: Foul Ball, location: 2F
0-2: Ball
1-2: Foul Ball, location: 2F
1-2: Foul Ball, location: 2F
1-2: Foul Ball, location: 2F
1-2: Ball
2-2: Strikes out swinging
Batting: RHB Elliott Johnston 0-0: Called Strike
Mario López is caught stealing 2nd base
Top of the 1st over - 0 run(s), 1 hit(s), 0 error(s), 0 left on base; Richmond 0 - Havana 0
BOTTOM OF THE 1ST
Havana Rollers batting - Pitching for Richmond Flairs : RHP John Smith
Pitching: RHP John Smith
Batting: LHB José Torres 0-0: Called Strike
0-1: SINGLE (Line Drive, 4M)
Batting: RHB Francisco Rincón 0-0: Ball
1-0: Called Strike
1-1: Reached on error, E3 (Groundball, 34)
José Torres to third
Batting: RHB Brant Sherman 0-0: Foul Ball, location: 2F
0-1: 3-RUN HOME RUN (Flyball, 89XD), Distance : 430 ft
Batting: SHB Pepe Piña 0-0: SINGLE (Groundball, 6MD)
Batting: LHB Juan Romero 0-0: Ball
1-0: Ball
2-0: Ball
3-0: Called Strike
3-1: Base on Balls
Pepe Piña to second
Batting: SHB Yasuhiro Ikarashi 0-0: Fly out, F6 (Line Drive, 6M)
Batting: RHB León Rivera 0-0: Ball
1-0: Ball
2-0: Called Strike
2-1: Ball
3-1: Called Strike
3-2: Foul Ball, location: 2F
3-2: Foul Ball, location: 2F
3-2: Strikes out swinging
Batting: LHB Zhi-huan Loong 0-0: Called Strike
0-1: Ball
1-1: Called Strike
1-2: Ball
2-2: Ball
3-2: Foul Ball, location: 2F
3-2: Base on Balls
Pepe Piña to third
Juan Romero to second
Batting: RHB Soshu Nakamura 0-0: Fielders Choice at 2nd, 5-4 (Groundball, 56)
Bottom of the 1st over - 3 run(s), 3 hit(s), 1 error(s), 2 left on base; Richmond 0 - Havana 3
TOP OF THE 2ND
Richmond Flairs batting - Pitching for Havana Rollers : RHP Jason Drake
Batting: RHB Elliott Johnston 0-0: Called Strike
0-1: Ball
1-1: Fly out, F3 (Line Drive, 34)
Batting: LHB Dave Gray 0-0: Swinging Strike
0-1: Foul Ball, location: 2F
0-2: Ball
1-2: Foul Ball, location: 2F
1-2: Foul Ball, location: 2F
1-2: Ball
2-2: Foul Ball, location: 2F
2-2: Foul Ball, location: 2F
2-2: Strikes out swinging
Batting: RHB Rafael Carreón 0-0: Ball
1-0: Called Strike
1-1: Ball
2-1: Ball
3-1: Base on Balls
Batting: RHB R.J. Crosby 0-0: Called Strike
0-1: Ball
1-1: Called Strike
1-2: Ball
2-2: Fly out, F8 (Flyball, 8RS)
Top of the 2nd over - 0 run(s), 0 hit(s), 0 error(s), 1 left on base; Richmond 0 - Havana 3
BOTTOM OF THE 2ND
Havana Rollers batting - Pitching for Richmond Flairs : RHP John Smith
Batting: LHB José Torres 0-0: Foul Ball, location: 2F
0-1: Called Strike
0-2: Strikes out swinging
Batting: RHB Francisco Rincón 0-0: Ball
1-0: Swinging Strike
1-1: Ball
2-1: Called Strike
2-2: Strikes out swinging
Batting: RHB Brant Sherman 0-0: Foul Ball, location: 2F
0-1: Ball
1-1: Foul Ball, location: 2F
1-2: Ball
2-2: Ground out 5-3 (Groundball, 56)
Bottom of the 2nd over - 0 run(s), 0 hit(s), 0 error(s), 0 left on base; Richmond 0 - Havana 3
TOP OF THE 3RD
Richmond Flairs batting - Pitching for Havana Rollers : RHP Jason Drake
Batting: LHB R.J. Courtney 0-0: Foul Ball, location: 2F
0-1: Foul Ball, location: 2F
0-2: Foul Ball, location: 2F
0-2: Strikes out swinging
Batting: RHB Freddy Padilla 0-0: Called Strike
0-1: Ball
1-1: Foul Ball, location: 2F
1-2: Foul Ball, location: 2F
1-2: Ball
2-2: Strikes out looking
Batting: RHB Javier Rentería 0-0: Ball
1-0: Foul Ball, location: 2F
1-1: Foul Ball, location: 2F
1-2: Ball
2-2: Foul Ball, location: 2F
2-2: Ball
3-2: Foul Ball, location: 2F
3-2: Foul Ball, location: 2F
3-2: SINGLE (Line Drive, 34D)
Batting: RHB Mario López 0-0: Ball
Javier Rentería steals 2nd base
1-0: Ball
2-0: SINGLE (Line Drive, 6MD)
Javier Rentería to third
Runner from 3rd tries for Home, throw and OUT!
Top of the 3rd over - 0 run(s), 2 hit(s), 0 error(s), 1 left on base; Richmond 0 - Havana 3
BOTTOM OF THE 3RD
Havana Rollers batting - Pitching for Richmond Flairs : RHP John Smith
Batting: SHB Pepe Piña 0-0: Called Strike
0-1: Ball
1-1: Fly out, F4 (Flyball, 4D)
Batting: LHB Juan Romero 0-0: Foul Ball, location: 2F
0-1: Ball
1-1: SINGLE (Groundball, 34D)
Batting: SHB Yasuhiro Ikarashi 0-0: Ball
1-0: Ground out U3 (Groundball, 3)
Juan Romero to second
Batting: RHB León Rivera 0-0: Ball
1-0: Called Strike
1-1: Ball
2-1: SINGLE (Groundball, 34D)
Juan Romero to third
Runner from 3rd tries for Home, SAFE, no throw
Batting: LHB Zhi-huan Loong 0-0: Called Strike
0-1: Ball
1-1: Ball
León Rivera steals 2nd base
2-1: Swinging Strike
2-2: Ball
3-2: Reached on error, E4 (Groundball, 4S)
León Rivera to third
Batting: RHB Soshu Nakamura 0-0: Called Strike
0-1: Ball
1-1: Ball
2-1: Foul Ball, location: 2F
2-2: Strikes out looking
Bottom of the 3rd over - 1 run(s), 2 hit(s), 1 error(s), 2 left on base; Richmond 0 - Havana 4
TOP OF THE 4TH
Richmond Flairs batting - Pitching for Havana Rollers : RHP Jason Drake
Batting: LHB Sean Nicks 0-0: Ball
1-0: Called Strike
1-1: SINGLE (Flyball, 8LS)
Batting: RHB Elliott Johnston 0-0: Foul Ball, location: 2F
0-1: Swinging Strike
0-2: Strikes out swinging
Batting: LHB Dave Gray 0-0: Ball
1-0: Called Strike
1-1: Ball
2-1: Called Strike
2-2: Grounds into double play, U3-6 (Groundball, 3L)
Top of the 4th over - 0 run(s), 1 hit(s), 0 error(s), 0 left on base; Richmond 0 - Havana 4
BOTTOM OF THE 4TH
Havana Rollers batting - Pitching for Richmond Flairs : RHP John Smith
Batting: LHB José Torres 0-0: Ball
1-0: Ball
2-0: SINGLE (Groundball, 34D)
Batting: RHB Francisco Rincón 0-0: Called Strike
0-1: Called Strike
0-2: Foul Ball, location: 2F
0-2: Strikes out swinging
Batting: RHB Brant Sherman 0-0: Ball
1-0: Called Strike
1-1: Swinging Strike
1-2: Strikes out looking
Batting: SHB Pepe Piña 0-0: Ball
1-0: Ball
2-0: Called Strike
2-1: Ball
3-1: Foul Ball, location: 2F
3-2: Strikes out swinging
Bottom of the 4th over - 0 run(s), 1 hit(s), 0 error(s), 1 left on base; Richmond 0 - Havana 4
TOP OF THE 5TH
Richmond Flairs batting - Pitching for Havana Rollers : RHP Jason Drake
Batting: RHB Rafael Carreón 0-0: Ball
1-0: Ball
2-0: Called Strike
2-1: Foul Ball, location: 2F
2-2: Strikes out swinging, 2-3 out at first.
Batting: RHB R.J. Crosby 0-0: Ball
1-0: Called Strike
1-1: Ball
2-1: Ball
3-1: Fly out, F9 (Flyball, 89M)
Batting: LHB R.J. Courtney 0-0: Called Strike
0-1: Swinging Strike
0-2: Strikes out swinging
Top of the 5th over - 0 run(s), 0 hit(s), 0 error(s), 0 left on base; Richmond 0 - Havana 4
BOTTOM OF THE 5TH
Havana Rollers batting - Pitching for Richmond Flairs : RHP John Smith
Batting: LHB Juan Romero 0-0: Ball
1-0: Called Strike
1-1: Called Strike
1-2: Ball
2-2: Ball
3-2: Strikes out swinging
Batting: SHB Yasuhiro Ikarashi 0-0: Ball
1-0: Swinging Strike
1-1: Called Strike
1-2: SINGLE (Line Drive, 78S)
Batting: RHB León Rivera 0-0: Called Strike
Yasuhiro Ikarashi steals 2nd base
0-1: Ball
1-1: Ball
2-1: Ball
3-1: Called Strike
3-2: Foul Ball, location: 2F
3-2: Fly out, F8 (Flyball, 89D)
Runner from 2nd tags up, SAFE at 3rd, no throw
Pitching: RHP Sandro Gonzáles
Batting: LHB Zhi-huan Loong 0-0: Called Strike
0-1: Ball
1-1: Ball
2-1: Called Strike
2-2: Foul Ball, location: 2F
2-2: Foul Ball, location: 2F
2-2: Fly out, F7 (Flyball, 7D)
Bottom of the 5th over - 0 run(s), 1 hit(s), 0 error(s), 1 left on base; Richmond 0 - Havana 4
TOP OF THE 6TH
Richmond Flairs batting - Pitching for Havana Rollers : RHP Jason Drake
Batting: RHB Freddy Padilla 0-0: Ball
1-0: Swinging Strike
1-1: SINGLE (Line Drive, 89S)
Batting: RHB Javier Rentería 0-0: Ball
1-0: Fielders Choice at 2nd, 1-6 (Groundball, P)
Batting: RHB Mario López 0-0: Ball
Javier Rentería is caught stealing 2nd base
1-0: Foul Ball, location: 2F
1-1: SINGLE (Groundball, 56D)
Batting: LHB Sean Nicks 0-0: Fly out, F8 (Flyball, 8LXD)
Top of the 6th over - 0 run(s), 2 hit(s), 0 error(s), 1 left on base; Richmond 0 - Havana 4
BOTTOM OF THE 6TH
Havana Rollers batting - Pitching for Richmond Flairs : RHP Sandro Gonzáles
Now at 2B: Jack Ray
Batting: RHB Soshu Nakamura 0-0: Ball
1-0: Ground out 5-3 (Groundball, 56S)
Batting: LHB José Torres 0-0: Foul Ball, location: 2F
0-1: Fly out, F4 (Line Drive, 34)
Batting: RHB Francisco Rincón 0-0: Ball
1-0: Foul Ball, location: 2F
1-1: Ball
2-1: Ground out 1-3 (Groundball, 15S)
Bottom of the 6th over - 0 run(s), 0 hit(s), 0 error(s), 0 left on base; Richmond 0 - Havana 4
TOP OF THE 7TH
Richmond Flairs batting - Pitching for Havana Rollers : RHP Jason Drake
Batting: RHB Elliott Johnston 0-0: Called Strike
0-1: Ball
1-1: DOUBLE (Flyball, 8RXD)
Batting: LHB Dave Gray 0-0: Ball
1-0: Called Strike
1-1: Foul Ball, location: 2F
1-2: Ball
2-2: SINGLE (Line Drive, 78S)
Elliott Johnston to third
Pitching: RHP Brad Sharpe
Batting: RHB Rafael Carreón 0-0: Foul Ball, location: 2F
0-1: Foul Ball, location: 2F
0-2: Fly out, F7 (Flyball, 7LD)
Runner from 3rd tags up, SCORES, no throw
Batting: RHB R.J. Crosby 0-0: Called Strike
0-1: SINGLE (Line Drive, 4MD)
Dave Gray to second
Batting: LHB R.J. Courtney 0-0: Called Strike
0-1: Ball
1-1: Called Strike
1-2: Fly out, F8 (Flyball, 8LS)
Batting: RHB Jack Ray 0-0: Ball
1-0: Ball
2-0: Called Strike
2-1: SINGLE (Line Drive, 7S)
Dave Gray to third
R.J. Crosby to second
Pinch Hitting: SHB António Enríquez 0-0: Fly out, F7 (Line Drive, 7LM)
Top of the 7th over - 1 run(s), 4 hit(s), 0 error(s), 3 left on base; Richmond 1 - Havana 4
BOTTOM OF THE 7TH
Havana Rollers batting - Pitching for Richmond Flairs : RHP Sandro Gonzáles
Now in CF: Roland Jones
Batting: RHB Brant Sherman 0-0: Ground out 1-3 (Groundball, P)
Batting: SHB Pepe Piña 0-0: Ball
1-0: Ball
2-0: Foul Ball, location: 2F
2-1: Foul Ball, location: 2F
2-2: Fly out, F8 (Flyball, 8LM)
Batting: LHB Juan Romero 0-0: Ball
1-0: Ball
2-0: Foul Ball, location: 2F
2-1: Called Strike
2-2: Ball
3-2: Fly out, F8 (Flyball, 78D)
Bottom of the 7th over - 0 run(s), 0 hit(s), 0 error(s), 0 left on base; Richmond 1 - Havana 4
TOP OF THE 8TH
Richmond Flairs batting - Pitching for Havana Rollers : RHP Brad Sharpe
Batting: RHB Mario López 0-0: SINGLE (Groundball, 56D)
Pitching: LHP Gianluigi Ciottone
Batting: LHB Sean Nicks 0-0: Swinging Strike
0-1: Ball
1-1: Ground out 4-3 (Groundball, 34)
Mario López to second
Pitching: RHP Alejandro Pérez
Batting: RHB Elliott Johnston 0-0: Called Strike
0-1: Foul Ball, location: 2F
0-2: Ball
1-2: Ball
2-2: Strikes out swinging
Pitching: RHP Ron Henningar
Batting: LHB Dave Gray 0-0: Called Strike
Balk!
Mario López to third
0-1: Ball
1-1: Ball
2-1: Ground out 1-3 (Groundball, 13S)
Top of the 8th over - 0 run(s), 1 hit(s), 0 error(s), 1 left on base; Richmond 1 - Havana 4
BOTTOM OF THE 8TH
Havana Rollers batting - Pitching for Richmond Flairs : RHP Sandro Gonzáles
Batting: SHB Yasuhiro Ikarashi 0-0: Ball
1-0: Fly out, F5 (Popup, 5L)
Batting: RHB León Rivera 0-0: Called Strike
0-1: SINGLE (Groundball, 56D)
Batting: LHB Zhi-huan Loong 0-0: Ball
1-0: Reached on error, E4 (Groundball, 4)
León Rivera to second
Batting: RHB Soshu Nakamura 0-0: Ball
1-0: Ball
León Rivera steals 3rd base
Zhi-huan Loong to second
2-0: Swinging Strike
2-1: Ball
3-1: Swinging Strike
3-2: Strikes out swinging
Pitching: LHP Salvador Rodríguez
Batting: LHB José Torres 0-0: Foul Ball, location: 2F
0-1: Called Strike
0-2: Ball
1-2: Foul Ball, location: 2F
1-2: Strikes out swinging
Bottom of the 8th over - 0 run(s), 1 hit(s), 1 error(s), 2 left on base; Richmond 1 - Havana 4
TOP OF THE 9TH
Richmond Flairs batting - Pitching for Havana Rollers : RHP Ron Henningar
Pitching: RHP Valentín Luna
Batting: RHB Rafael Carreón 0-0: Ball
1-0: Fly out, F8 (Flyball, 8RD)
Batting: RHB R.J. Crosby 0-0: Ground out 6-3 (Groundball, 6)
Batting: LHB R.J. Courtney 0-0: Ball
1-0: Called Strike
1-1: Ball
2-1: Fly out, F9 (Flyball, 9LM)
Top of the 9th over - 0 run(s), 0 hit(s), 0 error(s), 0 left on base; Richmond 1 - Havana 4
Tuesday, August 8th, 2017 - OOTP Baseball 17.12 Build 75